 Dungeon Crawl Stone Soup version 0.31.0-11-ge490571c62 (webtiles) character file.

Game seed: 10909936456328957382

4874 browni3141 the Cleaver (level 10, 0/91 HPs)
             Began as a Minotaur Fighter on Jan 27, 2024.
             Succumbed to a killer bee's poison
             ... on level 8 of the Dungeon.
             The game lasted 00:04:45 (6514 turns).

browni3141 the Cleaver (Minotaur Fighter)           Turns: 6514, Time: 00:04:45

Health: 0/91       AC: 12    Str: 25    XL:     10   Next: 26%
Magic:  9/9        EV:  8    Int:  5    God:
Gold:   344        SH:  6    Dex: 10    Spells: 9/9 levels left

rFire   + . .        a - +0 war axe
rCold   . . .        c - +0 buckler
rNeg    . . .        v - +0 chain mail
rPois   .            (helmet restricted)
rElec   .            F - +0 cloak
rCorr   .            (no gloves)
SInv    .            (no boots)
Will    .....        (no amulet) Stlth
                     j - ring of protection from fire
HPRegen 0.35/turn    (no ring)
MPRegen 0.11/turn

%: no passive effects
@: lethally poisoned (0 -> -7)
A: horns 2, retaliatory headbutt
a: no special abilities


You were on level 8 of the Dungeon.
You visited 2 branches of the dungeon, and saw 9 of its levels.

You collected 404 gold pieces.
You spent 60 gold pieces at shops.

Inventory:

Hand Weapons
 a - a +0 war axe (weapon)
Missiles
 n - 2 boomerangs
 w - 2 curare-tipped darts
Armour
 b - a +0 scale mail
 c - a +0 buckler (worn)
 v - a +0 chain mail (worn)
 F - a +0 cloak (worn)
Jewellery
 j - a ring of protection from fire (left hand)
 s - a ring of see invisible
 C - a ring of protection from cold
 D - a ring of wizardry
Wands
 h - a wand of flame (37) (quivered)
 t - a wand of acid (7)
 u - a wand of mindburst (7)
Scrolls
 d - 3 scrolls of vulnerability {unknown}
 e - 2 scrolls of torment {unknown}
 g - 7 scrolls of identify {unknown}
 l - a scroll of brand weapon {unknown}
 m - 3 scrolls of poison {unknown}
 o - 4 scrolls of enchant weapon {unknown}
 q - a scroll of summoning {unknown}
 r - 2 scrolls of fog {unknown}
 y - a scroll of revelation {unknown}
 A - a scroll of enchant armour {unknown}
 B - a scroll of noise {unknown}
 E - a scroll of teleportation {unknown}
Potions
 f - 2 potions of heal wounds {unknown}
 i - a potion of curing
 k - a potion of cancellation {unknown}
 p - 2 potions of haste {unknown}
 x - a potion of invisibility {unknown}
 z - a potion of mutation {unknown}


   Skills:
 + Level 9.0 Fighting
 * Level 11.7 Axes
 + Level 8.9 Armour
 + Level 9.0 Shields


You had 9 spell levels left.
You didn't know any spells.
Your spell library contained the following spells:

 Spells                   Type           Power      Damage    Failure   Level
 Apportation              Tloc           0%         N/A       95%         1
 Necrotise                Necr           0%         1d4       95%         1
 Sting                    Conj/Alch      0%         1d3       95%         1
 Summon Small Mammal      Summ           0%         N/A       95%         1
 Dazzling Flash           Conj/Hex       0%         N/A       100%        3
 Mephitic Cloud           Conj/Alch/Air  0%         N/A       100%        3
 Curse of Agony           Necr           0%         N/A       100%        5
 Silence                  Hex/Air        0%         N/A       100%        5


Dungeon Overview and Level Annotations

Branches:
Dungeon (8/15)             Temple (1/1) D:5
   Lair: D:8-11

Altars:
Ashenzari
Cheibriados
Dithmenos
Elyvilon
Gozag
Hepliaklqana
Kikubaaqudgha
Makhleb
Okawaru
Qazlal
Ru
Sif Muna
Trog
Uskayaw
Vehumet
Wu Jian
Xom
Yredelemnul
Zin
The Shining One

Shops:
D:4 !:   D:8 (


Innate Abilities, Weirdness & Mutations

You have a pair of horns on your head.
You reflexively headbutt those who attack you in melee.


Message History

You feel better. The killer bee barely misses you. You furiously retaliate!
You headbutt the killer bee.
The killer bee stings you but does no damage. x2
The killer bee barely misses you.
The kobold brigand hits you but does no damage.
You completely miss the killer bee.
The killer bee is heavily wounded.
You slash the killer bee! You hit the kobold brigand.
You block the killer bee's attack. x2
The howler monkey hoots and howls with incredible vigour!
The killer bee closely misses you. The killer bee barely misses you.
You hear a shout!
You hear a loud, deep croak!
You hear a shout!
You barely miss the killer bee. Your headbutt misses the killer bee.
The killer bee is heavily wounded.
You hit the killer bee. You barely miss the kobold brigand.
The killer bee stings you. The killer bee barely misses you.
You furiously retaliate!
You headbutt the killer bee!
You kill the killer bee!
The kobold brigand hits you but does no damage.
The killer bee stings you.
You are poisoned.
The killer bee poisons you!
You completely miss the killer bee.
The killer bee is heavily wounded.
You hit the killer bee but do no damage.
You hit the kobold brigand.
You feel very sick. The killer bee barely misses you.
You block the killer bee's attack. The kobold brigand barely misses you.
The killer bee stings you but does no damage.
The howler monkey hoots and howls with incredible vigour!
The killer bee stings you.
You are more poisoned.
The killer bee poisons you!
You hear a howl!
You are too injured to fight recklessly!
You feel better. You block the killer bee's attack.
The killer bee closely misses you.
The kobold brigand hits you but does no damage.
The killer bee barely misses you. You furiously retaliate!
You headbutt the killer bee!
You kill the killer bee!
You block the killer bee's attack.
Your Fighting skill increases to level 9!
You slice the kobold brigand!!
You kill the kobold brigand!
You hit the kobold.
You hit the killer bee but do no damage.
The killer bee stings you.
You are poisoned.
The killer bee poisons you! The killer bee stings you.
The kobold hits you but does no damage.
The killer bee stings you but does no damage.
Your Shields skill increases to level 9!
You are too injured to fight recklessly!
You feel better. You block the killer bee's attack. The killer bee stings you!
You block the killer bee's attack. The kobold hits you but does no damage.
The killer bee stings you but does no damage.
You hit the killer bee. Your headbutt misses the killer bee.
The killer bee is lightly wounded.
You barely miss the kobold. You hit the killer bee.
The killer bee stings you but does no damage.
The killer bee closely misses you.
The killer bee stings you but does no damage.
The kobold barely misses you.
The killer bee stings you but does no damage.
You miss the killer bee.
The killer bee is lightly wounded.
You slash the killer bee! You slash the kobold!
You kill the kobold!
You block the killer bee's attack. x2
The killer bee stings you but does no damage.
You closely miss the killer bee.
The killer bee is almost dead.
You hit the killer bee but do no damage.
The killer bee stings you but does no damage. x3
The killer bee closely misses you.
The howler monkey hoots and howls with incredible vigour!
You hear a howl!
You closely miss the killer bee.
The killer bee is lightly wounded.
You miss the killer bee. You slash the kobold!
You kill the kobold!
The killer bee stings you but does no damage.
You block the killer bee's attack.
The killer bee stings you but does no damage.
You block the killer bee's attack.
You miss the killer bee.
The killer bee is lightly wounded.
You closely miss the killer bee. The killer bee closely misses you.
You block the killer bee's attack.
The howler monkey hoots and howls with incredible vigour!
You block the killer bee's attack. The killer bee stings you!
You are lethally poisoned!
The killer bee poisons you!
You hear a shout!
You hear a howl!
You miss the killer bee. Your headbutt misses the killer bee.
The killer bee is almost dead.
You hit the killer bee.
You die...

..........'<....#..).#
....>.....##..###....#
############..#....###
....#......#..#....#
....#......#..#....#
....#......#..#....#####
....'......#..#.h......#
....#.....##..#)yy.....#
##..##....###'##@##....#
##+####'####..#...#....#
..............+...#....#
..............#...#....#
##.###'##.##.####+#....#
##'#....####.#.......###
...#....#....#.......#
...#....#.>..#.......#
...#....#....#..[....###


You could see a howler monkey (catching breath) and 2 killer bees.

Vanquished Creatures
  A two-headed ogre (D:6)
  A cyclops (D:6)
  Sigmund (D:4)
  Eustachio (D:5)
  2 steam dragons
  Duvessa (D:5)
  A black bear (D:5)
  A sky beast (D:8)
  An ice beast (D:8)
  2 ogres
  2 centaurs
  5 kobold brigands
  A phantom (D:4)
  2 scorpions
  3 bullfrogs
  8 wights
  Dowan (D:5)
  3 killer bees (D:8)
  7 howler monkeys (D:8)
  A jelly (D:7)
  A bombardier beetle (D:4)
  3 orc priests
  7 hounds
  Ijyb (D:4)
  14 orc wizards
  2 iguanas (D:5)
  Natasha (thrice) (D:4)
  3 gnolls
  7 adders
  3 white imps
  4 ufetubi (D:6)
  2 dart slugs (D:1)
  A ribbon worm (D:2)
  24 orcs
  A bat (D:2)
  5 endoplasms
  A giant cockroach (D:4)
  5 goblins
  4 hobgoblins
  2 jackals (D:4)
  A quokka (D:4)
  3 ball pythons (D:3)
  A frilled lizard (D:2)
  22 kobolds
  3 rats
168 creatures vanquished.

Notes
Turn   | Place    | Note
-------+----------+-------------------------------------------
     0 | D:1      | browni3141 the Minotaur Fighter began the quest for the
                  | Orb.
     0 | D:1      | Reached XP level 1. HP: 19/19 MP: 0/0
   183 | D:1      | Reached XP level 2. HP: 27/27 MP: 1/1
   247 | D:1      | Reached skill level 3 in Axes
   398 | D:2      | Reached XP level 3. HP: 33/33 MP: 2/2
   578 | D:3      | Reached XP level 4. HP: 37/40 MP: 3/3
   667 | D:3      | Reached skill level 4 in Axes
   676 | D:3      | Found a hide-covered altar of Uskayaw.
   681 | D:4      | Noticed a phantom
   681 | D:4      | Found a hazy altar of Hepliaklqana.
   688 | D:4      | Killed a phantom
   689 | D:4      | Reached XP level 5. HP: 30/47 MP: 4/4
   813 | D:4      | Found a stormy altar of Qazlal.
   815 | D:4      | Noticed Ijyb
   823 | D:4      | Killed Ijyb
   915 | D:5      | Entered Level 5 of the Dungeon
  1335 | D:4      | Reached skill level 5 in Axes
  1410 | D:4      | Found Romnoditu's Distillery.
  1509 | D:4      | Bought a potion of curing for 30 gold pieces
  1509 | D:4      | Bought a potion of curing for 30 gold pieces
  1523 | D:4      | Noticed Sigmund
  1543 | D:4      | HP: 1/47 [something (8)]
  1547 | D:4      | Killed Sigmund
  1548 | D:4      | Reached skill level 5 in Fighting
  1548 | D:4      | Reached skill level 5 in Armour
  1548 | D:4      | Reached skill level 5 in Shields
  1548 | D:4      | Reached XP level 6. HP: 8/56 MP: 5/5
  1734 | D:4      | Noticed Natasha
  1740 | D:4      | Killed Natasha
  1787 | D:4      | Noticed Natasha
  1791 | D:4      | Killed Natasha
  1798 | D:4      | Reached skill level 6 in Axes
  1884 | D:4      | Noticed Natasha
  1892 | D:4      | Killed Natasha
  1893 | D:4      | Reached XP level 7. HP: 38/61 MP: 6/6
  2097 | D:4      | Found Turehiw's Vocational Training.
  2449 | D:5      | Noticed Eustachio
  2465 | D:5      | Killed Eustachio
  2545 | D:5      | Reached skill level 7 in Axes
  2675 | D:5      | Noticed Duvessa
  2677 | D:5      | Noticed Dowan
  2681 | D:5      | Killed Duvessa
  2683 | D:5      | Killed Dowan
  2711 | D:5      | Reached XP level 8. HP: 66/70 MP: 7/7
  2921 | D:5      | Found a staircase to the Ecumenical Temple.
  3144 | Temple   | Entered the Ecumenical Temple
  3250 | D:5      | Reached skill level 8 in Axes
  3284 | D:5      | Found an ancient bone altar of Kikubaaqudgha.
  3451 | D:6      | HP: 3/71 [scorpion (2)]
  3452 | D:6      | HP: 1/71 [poisoned by a scorpion]
  3678 | D:6      | Found a radiant altar of Vehumet.
  3679 | D:6      | Noticed a two-headed ogre
  3687 | D:6      | Killed a two-headed ogre
  3688 | D:6      | Reached skill level 9 in Axes
  3688 | D:6      | Reached XP level 9. HP: 53/79 MP: 8/8
  3817 | D:6      | Found a bloodstained altar of Trog.
  4416 | D:6      | Found a white marble altar of Elyvilon.
  4456 | D:6      | Noticed a cyclops
  4462 | D:6      | Killed a cyclops
  4463 | D:6      | Reached skill level 10 in Axes
  5180 | D:7      | Found an iron altar of Okawaru.
  5245 | D:7      | Reached skill level 11 in Axes
  5755 | D:8      | Reached XP level 10. HP: 83/90 MP: 9/9
  5957 | D:8      | Found a glowing golden altar of the Shining One.
  6370 | D:8      | Found Sono Vuesh's Antique Weapon Emporium.
  6498 | D:8      | HP: 3/90 [poisoned by a killer bee]
  6507 | D:8      | HP: 4/91 [killer bee (6)]
  6513 | D:8      | HP: 2/91 [killer bee (7)]
  6514 | D:8      | Succumbed to a killer bee's poison

Illustrated notes

Levels and vault maps discovered:
D:1:      dpeg_arrival_short_road, layout_loops_ring
D:2:      layout_rooms, shapermc_ecumenical_altar_mp_vishouse
D:3:      cheibrodos_pilgrimage, layout_basic, eat_drink_and_be_merry_uskayaw,
          dreamdust_princess_corridor
D:4:      layout_cave_pools, nicolae_qazlal_scattered_showers,
          nicolae_hepliaklqana_hazy_memory, serial_shops, shop, minivault_5,
          nicolae_shop_vocational, uniq_sigmund, uniq_ijyb, uniq_natasha
D:5:      layout_loops_ring, mainiacjoe_overflow_surrounded_room,
          minmay_temple_entry_offerings, grunt_ministairs_1, uniq_duvessa,
          uniq_eustachio
D:6:      layout_loops_ring, kennysheep_mini_moat, serial_aquarium,
          aquarium_bridge_straight [aquarium_subvault_bridge,
          aquarium_subvault_wall, aquarium_subvault_bridge,
          aquarium_subvault_window], aquarium_window_1, aquarium_window_fake,
          aquarium_window_corridor_1, aquarium_window_fake, aquarium_view_2e,
          aquarium_view_2c, aquarium_balcony_3b, kennysheep_nub,
          hangedman_feature_mirror
D:7:      layout_rooms, mainiacjoe_overflow_six_doors_small
D:8:      layout_gridville, tso_oasis_becter, serial_shops,
          nicolae_shop_waterfront, kennysheep_windowed_goal
Temple:   compressed_dpeg_triangle_lava_temple

Skill      XL: |  1  2  3  4  5  6  7  8  9 10 |
---------------+-------------------------------+-----
Axes           | 3 4 5 6 7 9 11 | 11.7
Fighting       | 4 5 6 7 8 9 |  9.0
Armour         | 4 5 6 7 8 |  8.9
Shields        | 4 5 6 7 8 9 |  9.0

Action                     |  1- 3 |  4- 6 |  7- 9 | 10-12 || total
---------------------------+-------+-------+-------+-------++-------
  Melee: War axe           |    57 |    93 |   233 |    74 ||   457
         Headbutt          |     4 |    15 |    42 |    11 ||    72
  Throw: Throwing net      |       |       |     2 |       ||     2
  Evoke: Wand              |       |       |     6 |     3 ||     9
    Use: Potion            |       |     3 |     2 |     4 ||     9
 Armour: Scale mail        |    40 |   109 |   177 |       ||   326
         Chain mail        |       |       |    62 |   111 ||   173
  Dodge: Dodged            |    22 |    44 |   118 |    46 ||   230
  Block: Buckler           |    12 |    28 |    65 |    49 ||   154
